AoeStats
← w32.disttrack

Nomad

509460456Analyzed
4v4 RM · 5d ago on Sep 26, 2026· 42m 40s· 8 players
Game mode
Random Map
Map size
231×231
Population
200
Speed
Normal
Resources
Standard
Victory
Conquest
Starting age
Dark Age
Ending age
Imperial Age
RankedLock teamsTeams togetherTeam positionsShared explorationLock speedFull tech treeHidden civsTurbo modeCheats
Victory
Defeat
🇨🇳 Maya · China
937
+16
🇧🇷 Bohemians · Brazil
928
+16
🇦🇷 Khmer · Argentina
907
+17
🇧🇷 Gurjaras · Brazil
885
+17
🇩🇪 Khitans · Germany
947
-17
🇬🇧 Danes · United Kingdom
932
-17
🇬🇧 Poles · United Kingdom
924
-16
915
-16
PibblesMcGhee
6:14 Loom
14:41 Feudal Age
20:30 Castle Age
20:22 Double-Bit Axe
21:14 Horse Collar
22:56 Scale Mail Armor
23:09 Forging
26:41 Hamask
27:41 Stone Mining
27:58 Pikeman
31:31 Scale Mail Armor
32:13 Chain Mail Armor
33:37 Iron Casting
35:45 Squires
35:32 Arson
35:39 Fletching
36:43 Wheelbarrow
36:07 Bodkin Arrow
39:07 Imperial Age
36:58 Gold Mining
40:43 Padded Archer Armor
40:55 Town Watch
BenYair9460
9:27 Loom
15:09 Feudal Age
22:24 Castle Age
20:51 Stone Mining
20:54 Gold Mining
21:13 Double-Bit Axe
21:40 Fletching
22:21 Padded Archer Armor
23:11 Crossbowman
25:34 Horse Collar
26:58 Bow Saw
30:19 Pikeman
35:03 Imperial Age
33:07 Forging
32:58 Scale Mail Armor
34:34 Iron Casting
34:15 Chain Mail Armor
Mario Monti per l'Italia
7:03 Loom
15:42 Feudal Age
27:58 Castle Age
28:15 Pikeman
29:39 Scale Mail Armor
33:13 Squires
w32.disttrack
9:38 Loom
12:48 Feudal Age
14:44 Forging
23:23 Scale Barding Armor
25:16 Double-Bit Axe
27:48 Castle Age
26:54 Gold Mining
29:07 Town Watch
29:58 Wheelbarrow
30:49 Light Cavalry
32:06 Scale Mail Armor
33:21 Fletching
33:31 Padded Archer Armor
36:48 Imperial Age
37:07 Domestication
37:57 Pastoralism
39:03 Light Cavalry
40:25 Hussar
Luce
14:35 Feudal Age
16:27 Double-Bit Axe
17:31 Fishing Lines
21:13 Castle Age
22:01 Husbandry
22:09 Horse Collar
22:53 Scale Barding Armor
22:58 Forging
23:00 Heavy Plow
23:13 Bow Saw
28:10 Gold Mining
28:10 Stone Mining
34:47 Bloodlines
35:49 Chain Barding Armor
Vitor
6:41 Loom
15:39 Feudal Age
20:57 Castle Age
21:29 Fishing Lines
25:54 Gillnets
27:58 Kshatriyas
30:44 Thumb Ring
30:38 Fletching
31:57 Padded Archer Armor
34:02 Bodkin Arrow
34:52 Double-Bit Axe
39:13 Imperial Age
42:58 Frontier Guards
Xcw
6:27 Loom
14:29 Feudal Age
14:58 Town Watch
18:07 Castle Age
16:45 Fletching
16:55 Padded Archer Armor
20:22 Scale Mail Armor
20:56 Leather Archer Armor
20:36 Bodkin Arrow
25:38 Wheelbarrow
28:02 Medium Warships
28:52 Double-Bit Axe
33:36 Imperial Age
35:33 Hoardings
36:43 Hoardings
39:31 Horse Collar
40:49 Wheelbarrow
41:29 Ballistics
41:28 Bracer
41:44 Leather Archer Armor
davibebo790
3:50 Loom
13:47 Feudal Age
14:14 Man-at-Arms
19:06 Town Watch
21:17 Scale Mail Armor
25:17 Castle Age
25:49 Wheelbarrow
31:12 Fletching
35:00 Town Patrol
41:03 Imperial Age
40:03 Double-Bit Axe
41:02 Fishing Lines
42:19 Conscription
42:13 Cavalier
Connection lost

Rejoining the realm…

Still unreachable

The connection could not be restored.

Session expired

The server has moved on; the page needs a fresh start.